 Dungeon Crawl Stone Soup version 0.27.1-2-g3b301248ec (webtiles) character file.

Game seed: 6007130314145990457

16 Descartes the Charlatan (level 2, -4/14 HPs)
             Began as a Spriggan Artificer on Sept 24, 2021.
             Slain by a kobold (13 damage)
             ... on level 1 of the Dungeon.
             The game lasted 00:01:48 (1041 turns).

Descartes the Charlatan (Spriggan Artificer)        Turns: 1041, Time: 00:01:49

Health: -4/14      AC:  2    Str:  8    XL:     2   Next: 41%
Magic:  3/3        EV: 18    Int: 12    God:
Gold:   0          SH:  0    Dex: 15    Spells: 1/1 levels left

rFire    . . .     SeeInvis +   k - +0 dagger
rCold    . . .     Faith    .   (shield restricted)
rNeg     . . .     Spirit   .   b - +0 robe
rPois    .         Reflect  .   (helmet restricted)
rElec    .         Harm     .   (no cloak)
rCorr    .         Rampage  .   (gloves unavailable)
Will     .....                  (boots unavailable)
Stlth    ++........             (no amulet)
HPRegen  0.04/turn              (no ring)
MPRegen  0.08/turn              (no ring)

@: very quick
A: very small, no large weapons, unfitting armour, see invisible, speed 3
a: no special abilities


You were on level 1 of the Dungeon.
You visited 1 branch of the dungeon, and saw 1 of its levels.

Inventory:

Hand Weapons
 k - a +0 dagger (weapon)
Missiles
 g - 5 stones
 h - 10 sling bullets
Armour
 b - a +0 robe (worn)
Wands
 c - a wand of flame (13) (quivered)
 d - a wand of charming (15)
Scrolls
 a - a scroll of silence {unknown}
 i - a scroll of enchant armour {unknown}
 j - a scroll of magic mapping {unknown}
Potions
 f - a potion of flight {unknown}
 l - a potion of might {unknown}
Miscellaneous
 e - a piece from Xom's chessboard (15/15)


   Skills:
 - Level 0.7 Fighting
 + Level 0.1 Short Blades
 + Level 3.8 Dodging
 * Level 1.8 Stealth
 + Level 4.5 Evocations


You had one spell level left.
You didn't know any spells.
Your spell library was empty.

Dungeon Overview and Level Annotations

Branches:
Dungeon (1/15)

Altars:


Innate Abilities, Weirdness & Mutations

You are very small and have problems with some larger weapons.
You are too small for most types of armour.
You have supernaturally acute eyesight. (SInv)
You cover ground extremely quickly. (Speed+++)


Message History

Aim: a hobgoblin (moderately wounded, 74% to hit)
The puff of flame hits the hobgoblin.
You kill the hobgoblin!
You see here a quokka corpse.
Found an escape hatch in the floor.
A bat comes into view.
A kobold comes into view.
It is wielding a +2 dagger of electrocution.
Found 16 gold pieces.
The kobold shouts!
A bat comes into view.
The bat moves out of view.
You hit the bat.
The bat is moderately wounded.
The bat misses you.
You hit the bat but do no damage.
The bat is moderately wounded.
The bat misses you. x2
You closely miss the bat.
The bat is moderately wounded.
The bat completely misses you. The bat misses you.
You hit the bat but do no damage.
The bat is moderately wounded.
The bat barely misses you. The bat misses you.
You hit the kobold but do no damage. The bat closely misses you.
The bat completely misses you. The kobold misses you.
You hit the bat but do no damage.
The bat is moderately wounded.
The bat hits you. The bat closely misses you. The kobold closely misses you.
You hit the kobold.
The kobold is moderately wounded.
The bat barely misses you.
The kobold hits you with a +2 dagger of electrocution.
The bat hits you but does no damage. The bat hits you.
You closely miss the kobold.
The kobold is moderately wounded.
The bat misses you. The bat barely misses you.
The kobold hits you with a +2 dagger of electrocution.
You are electrocuted!
Ouch! That really hurt!
You die...

#.............##.#.##
#.>...
#.....#..#.#####.#.#
###### ####..#..#.#
#.#.#
......#..#.#####.#.#
...................#
#####.#..#.### #...#####
#####.#..#.### #b......$
....#+#......# #........
.........#.#.###@K......
.
.........#.#....b.......
.
####.....#.#.###########
#.....#.#.# #.....#.#.#
#.....#.#.# #....>#.#.#
........... #.#.#


You could see 2 bats and a kobold.

Vanquished Creatures
  6 bats (D:1)
  2 giant cockroaches (D:1)
  A goblin (D:1)
  A hobgoblin (D:1)
  A quokka (D:1)
  2 kobolds (D:1)
13 creatures vanquished.

Notes
Turn   | Place    | Note
-------+----------+-------------------------------------------
     0 | D:1      | Descartes the Spriggan Artificer began the quest for the
                  | Orb.
     0 | D:1      | Reached XP level 1. HP: 9/9 MP: 2/2
   366 | D:1      | Reached XP level 2. HP: 14/14 MP: 3/3
  1041 | D:1      | Slain by a kobold

Illustrated notes

Levels and vault maps discovered:
D:1:      minmay_arrival_cross, layout_basic

Action                   || total
-------------------------++-------
Melee: Club              ||    73
       Dagger            ||    26
Evoke: Wand              ||     2
 Stab: Sleeping          ||     4
Armor: Robe              ||    23
Dodge: Dodged            ||   146
